 Dungeon Crawl Stone Soup version 0.30-a0-782-ge64f9170bb (webtiles) character file.

Game seed: 16747964655251325445

2671 sanka the Skirmisher (level 9, -9/81 HPs)
             Began as a Demigod Hunter on Feb 23, 2023.
             Killed from afar by a ynoxinul (36 damage)
             ... with an iron shot
             ... summoned by an orc high priest
             ... in a bailey.
             The game lasted 00:12:57 (6641 turns).

sanka the Skirmisher (Demigod Hunter)               Turns: 6641, Time: 00:12:58

Health: -9/81      AC: 16    Str: 15    XL:     9   Next: 15%
Magic:  20/20      EV: 16    Int:  8    God:
Gold:   151        SH:  0    Dex: 29    Spells: 8/8 levels left

rFire   . . .      SeeInvis .    B - +4 short sword "Ixzaf" {heavy, *Rage rCorr Stlth+}
rCold   + . .      Faith    .    (no shield)
rNeg    . . .      Spirit   .    u - +5 ring mail of Paranoia {Str+3}
rPois   .          Reflect  .    c - +1 helmet of Least Resistance {+Blink rC+ Int-3 Slay+3}
rElec   .          Harm     .    C - +2 cloak
rCorr   +          Rampage  .    (no gloves)
Will    .....      Rage     20%  l - +0 pair of boots
Stlth   +++                      (no amulet)
HPRegen 0.33/turn                s - ring of magical power
MPRegen 0.17/turn                y - +5 ring of evasion

@: no status effects
A: high MP 1, forlorn, divine attributes
a: Evoke Blink


You were in a bailey.
You visited 1 branch of the dungeon, and saw 7 of its levels.
You also visited: Bailey.

You collected 301 gold pieces.
You spent 150 gold pieces at shops.


Innate Abilities, Weirdness & Mutations

You have an increased reservoir of magic. (+10% MP)
You shall have no god before yourself.
Your divine heritage dramatically boosts your attributes as you level up.


   Skills:
 - Level 8.0 Fighting
 + Level 9.7 Ranged Weapons
 - Level 1.7 Dodging
 - Level 0.8 Stealth


You had 8 spell levels left.
You didn't know any spells.
Your spell library contained the following spells:

 Spells                   Type           Power      Damage    Failure   Level
 Magic Dart               Conj           0%         1d3       65%         1
 Searing Ray              Conj           0%         2d4       78%         2
 Fulminant Prism          Conj/Hex       0%         3d5       100%        4

Inventory:

Hand Weapons
 a - a +0 shortbow
 b - the +6 dagger "Hulk" {freeze, Dex+7}

   Dex:       It affects your dexterity (+7).
 B - the +4 short sword "Ixzaf" (weapon) {heavy, *Rage rCorr Stlth+} *Rage: It berserks you when you make melee attacks (+20% chance). rCorr: It protects you from acid and corrosion. Stlth: It makes you more stealthy.
Armour
 c - the +1 helmet of Least Resistance (worn) {+Blink rC+ Int-3 Slay+3}

   Int:       It affects your intelligence (-3).
   Slay:      It affects your accuracy & damage with ranged weapons and melee
   (+3).
   rC:        It protects you from cold.
   +Blink:    It lets you blink.
 l - a +0 pair of boots (worn)
 u - the +5 ring mail of Paranoia (worn) {Str+3}

   Str:       It affects your strength (+3).
 C - a +2 cloak (worn)
 D - the +5 Storm Queen's Shield {shock, Fly rElec}

   Shock:     When it blocks an attack, it may electrocute the attacker.
   This works even against foes who are a short distance away.
   rElec:     It insulates you from electricity.
   Fly:       It grants you flight.
Jewellery
 s - a ring of magical power (left hand)
 y - a +5 ring of evasion (right hand)
Wands
 h - a wand of paralysis (10)
 n - a wand of mindburst (24)
 o - a wand of polymorph (2)
Scrolls
 f - a scroll of noise {!r}
 g - 3 scrolls of teleportation {@r4}
 i - 2 scrolls of enchant armour
 j - 3 scrolls of enchant weapon
 k - 3 scrolls of vulnerability {!r}
 m - 2 scrolls of immolation {!r}
 q - 2 scrolls of brand weapon
 r - a scroll of fog
Potions
 d - 5 potions of curing {unknown}
 e - a potion of lignification {unknown}
 p - a potion of magic
 t - 3 potions of mutation {unknown}
 v - a potion of heal wounds {unknown}
 w - a potion of resistance {unknown}
 x - a potion of haste {@q3}
 z - 2 potions of brilliance {unknown}
 A - 2 potions of degeneration {unknown}

Dungeon Overview and Level Annotations

Branches:
Dungeon (7/15)             Temple (0/1) D:6          Bailey (1/1)

Shops:
D:1 *   D:4 [(?   D:5 [[

Portals:
Abyss: D:3

Annotations:
D:3 2 transporters, ma3's ghost, amateur GnWn
D:4 telep scroll behind bars
D:6 exclusion: downstairs

≈≈▒....▒,,,,,),▒).)..'....▒≈≈≈≈≈▒
≈≈▒....▒,8,8,8.'.....▒....▒≈≈≈≈≈▒
≈≈▒▒▒▒▒▒,,,▒▒▒▒▒▒▒▒▒▒▒▒▒▒.▒≈≈≈≈≈▒
≈≈~,░,,,,,,▒....'[[▒.'..▒)~≈≈≈≈≈▒
≈≈~,░,,,,,,▒....▒[.▒.▒..▒.)≈≈≈≈≈▒
≈≈~,░''░░░░▒....▒..'.▒..▒.~≈≈≈≈≈▒
≈≈~,░,,,,,░▒....▒▒▒▒▒▒▒▒▒.~≈≈≈≈≈▒
,,,,',,,,,░▒..53▒..8.8..▒.~≈≈≈≈≈▒
,,,,',,⌠,,░▒..54p4.......∩~≈≈≈≈≈▒
,,,,),),,,░▒...o▒5.8.8..▒.~≈≈≈≈≈▒
≈≈~,░,,,,,░▒....▒▒▒▒▒▒▒▒▒.~≈≈≈≈≈▒
≈≈~,░''░░░░▒....▒..'.▒..▒.~≈≈≈≈≈▒
≈≈~,░,,),,,▒....▒..▒.▒))▒.~≈≈≈≈≈▒
≈≈~,░,,,),,▒....'..▒.'.)▒.~≈≈≈≈≈▒
≈≈░░░░░░,,,▒▒▒▒▒▒▒▒▒▒▒▒▒▒.▒≈≈≈≈≈▒
≈≈░,,,,░,8,8,8,)),,,,░,,..▒≈≈≈≈≈▒
≈≈░,,,,░,,,,,,)░,,,,,),,,,░≈≈≈≈≈░


You could see an orc high priest, a ynoxinul (summoned), 2 chaos spawn and 3
ufetubi.


Message History

The orc high priest is lightly wounded.
The ufetubus closely misses you.
The ufetubus hits you but does no damage.
The ufetubus is engulfed in seething chaos.
The chaos spawn barely misses you. The ynoxinul hits you.
* * * LOW HITPOINT WARNING * * *
The chaos spawn grows dozens of eye stalks in order to get a better look at you.
The chaos spawn closely misses you.
The orc high priest hits you but does no damage.
The ufetubus barely misses you.
The ufetubus hits you but does no damage.
The ynoxinul closely misses you. The chaos spawn hits you.
* * * LOW HITPOINT WARNING * * *
You are engulfed in flames!
* * * LOW HITPOINT WARNING * * *
The chaos spawn hits you but does no damage.
Unknown command.
You puncture the orc high priest!
The orc high priest is moderately wounded.
The ufetubus hits you but does no damage.
The ufetubus hits you but does no damage.
The orc high priest hits you but does no damage.
The ufetubus misses you.
The ufetubus hits you but does no damage.
The chaos spawn completely misses you. The ynoxinul gestures at you.
The iron shot hits you!!!
You die...

Action                     |  1- 3 |  4- 6 |  7- 9 || total
---------------------------+-------+-------+-------++-------
  Melee: Dagger            |     4 |   138 |   162 ||   304
         Punch             |       |     2 |     1 ||     3
         Short sword       |       |       |     5 ||     5
   Fire: Shortbow          |    93 |       |    43 ||   136
  Evoke: Wand              |       |       |     5 ||     5
    Use: Scroll            |       |     5 |     2 ||     7
   Stab: Sleeping          |     1 |     3 |     1 ||     5
         Paralysed         |       |       |     4 ||     4
 Armour: Leather armour    |    10 |     5 |       ||    15
         Ring mail         |       |    33 |    55 ||    88
  Dodge: Dodged            |    27 |    85 |   159 ||   271

Levels and vault maps discovered:
D:1:      lemuel_arrival_lava_pool, layout_loops_ring, serial_shops,
          nicolae_shop_hallway_stairs, serial_rivers,
          chequers_serial_rivers_micro_d, chequers_serial_rivers_small_b,
          chequers_serial_rivers_micro_b, chequers_serial_rivers_room_b,
          chequers_serial_rivers_large_b
D:2:      layout_loops_corners, dk_noncrumbling_3
D:3:      layout_loops_ring, nicolae_ru_the_path_less_chosen,
          gammafunk_ghost_abyssal_escape
D:4:      layout_basic, zin_scriptorium, amethyst_overflow_temple_binary,
          serial_shops, kennysheep_mini_moat, kennysheep_mini,
          nicolae_shop_trees, minivault_4
D:5:      layout_basic, serial_shops, shop, shop
D:6:      layout_cave_pools, mainiacjoe_overflow_alcove_2, elyvilon_altar_4,
          temple_fountains, serial_gnoll_camp, gnoll_camp_mini_hut,
          gnoll_camp_mini_basic, gnoll_camp_mini_hut, gnoll_camp_mini_loothouse,
          gnoll_camp_mini_doghouse, gnoll_camp_mini_sergeant,
          serial_park_tiny_1, serial_bayou_pond_c, uniq_crazy_yiuf_cottage
D:7:      layout_loops_ring, nicolae_overflow_crystal_walls,
          lemuel_mausoleum_altar_yredelemnul, enter_bailey_5, minmay_checkerbox,
          uniq_joseph, uniq_prince_ribbit1
Bailey:   bailey_axe_of_yendor_kennysheep, bailey

Notes
Turn   | Place    | Note
-------+----------+-------------------------------------------
     0 | D:1      | sanka the Demigod Hunter began the quest for the Orb.
     0 | D:1      | Reached XP level 1. HP: 17/17 MP: 3/3
   255 | D:1      | Reached skill level 2 in Fighting
   399 | D:1      | Reached XP level 2. HP: 24/24 MP: 4/4
   437 | D:1      | Found Piusiny's Assorted Antiques.
   821 | D:2      | Reached skill level 4 in Ranged Weapons
   980 | D:2      | Reached XP level 3. HP: 30/30 MP: 5/5
  1567 | D:3      | Found a one-way gate to the infinite horrors of the Abyss.
  1567 | D:3      | Found a transporter.
  1567 | D:3      | Noticed ma3's ghost (amateur GnWn)
  1578 | D:3      | Found a transporter.
  1580 | D:3      | Noticed a small abomination
  1589 | D:3      | Noticed a kobold brigand
  1589 | D:3      | Noticed a small abomination
  1711 | D:3      | Reached skill level 3 in Fighting
  1718 | D:3      | Identified the +6 dagger "Hulk" {freeze, Dex+7}
  1859 | D:3      | Reached XP level 4. HP: 38/38 MP: 6/6
  2086 | D:3      | Noticed a toenail golem
  2432 | D:4      | Noticed a bullfrog
  2437 | D:4      | Killed a bullfrog
  2438 | D:4      | Reached skill level 5 in Ranged Weapons
  2438 | D:4      | Reached XP level 5. HP: 39/46 MP: 7/7
  2473 | D:4      | Identified the +5 ring mail of Paranoia {Str+3}
  2581 | D:4      | Reached skill level 4 in Fighting
  2606 | D:4      | Found Ehegg's Magic Scroll Emporium.
  2609 | D:4      | Bought a scroll of identify for 20 gold pieces
  2609 | D:4      | Bought a scroll of fog for 40 gold pieces
  2609 | D:4      | Bought a scroll of teleportation for 30 gold pieces
  2609 | D:4      | Bought a scroll of vulnerability for 40 gold pieces
  2609 | D:4      | Bought a scroll of identify for 20 gold pieces
  2701 | D:4      | Found Sidozxeahi's Weapon Shop.
  2824 | D:4      | Found Ofoih's Armour Boutique.
  3268 | D:5      | Entered Level 5 of the Dungeon
  3485 | D:5      | Found Foikloig's Antique Armour Shop.
  3523 | D:5      | Reached XP level 6. HP: 53/53 MP: 8/8
  3725 | D:5      | Found Qaepp's Antique Armour Shoppe.
  4118 | D:6      | Found a staircase to the Ecumenical Temple.
  4189 | D:6      | Reached skill level 5 in Fighting
  4189 | D:6      | Reached skill level 6 in Ranged Weapons
  4331 | D:6      | Reached XP level 7. HP: 58/61 MP: 9/9
  4892 | D:6      | Reached skill level 6 in Fighting
  4903 | D:6      | Reached skill level 7 in Ranged Weapons
  5094 | D:6      | Found a runed translucent door.
  5095 | D:6      | Noticed Crazy Yiuf
  5104 | D:6      | Killed Crazy Yiuf
  5163 | D:7      | Found a flagged portal.
  5187 | Bailey   | Entered a bailey
  5297 | Bailey   | Reached XP level 8. HP: 63/71 MP: 10/10
  5747 | Bailey   | Reached skill level 7 in Fighting
  5869 | Bailey   | Acquired the +1 helmet of Least Resistance {+Blink rC+
                  | Int-3 Slay+3}
  5936 | Bailey   | Noticed an orc knight
  5958 | Bailey   | Reached skill level 8 in Ranged Weapons
  5963 | Bailey   | Killed an orc knight
  6026 | Bailey   | Reached skill level 8 in Fighting
  6211 | Bailey   | Noticed an orc high priest
  6211 | Bailey   | Noticed an orc high priest
  6213 | Bailey   | Noticed an ice devil
  6240 | Bailey   | Noticed a hellwing
  6242 | Bailey   | Noticed a rust devil
  6337 | Bailey   | Identified the +4 short sword "Ixzaf" {heavy, *Rage rCorr
                  | Stlth+}
  6350 | Bailey   | Noticed an orange demon
  6351 | Bailey   | Killed an orc high priest
  6352 | Bailey   | Reached skill level 9 in Ranged Weapons
  6352 | Bailey   | Reached XP level 9. HP: 47/81 MP: 11/11
  6476 | Bailey   | Found the +5 Storm Queen's Shield {shock, Fly rElec}
  6641 | Bailey   | Killed from afar by a ynoxinul

Vanquished Creatures
  An orc high priest (Bailey)
  An orc knight (Bailey)
  4 orc warriors (Bailey)
  A wolf (D:6)
  4 gnoll sergeants
  A bullfrog (D:4)
  A howler monkey (D:5)
  3 electric eels (Bailey)
  5 hounds (D:6)
  2 gnoll boudas (D:6)
  A jelly (D:4)
  Crazy Yiuf (D:6)
  2 iguanas
  An orc wizard (D:5)
  20 gnolls
  6 adders
  A shadow imp (D:6)
  An ufetubus (D:5)
  2 worms
  9 orcs
  7 endoplasms
  A giant cockroach (D:2)
  22 goblins
  7 hobgoblins
  10 jackals
  A quokka (D:1)
  7 ball pythons
  3 bats
  5 frilled lizards
  9 kobolds
  5 rats
144 creatures vanquished.
